 Dungeon Crawl Stone Soup version 0.27.0-66-gdc8fb28755 (webtiles) character file.

Game seed: 7985079205560028221

2032 sanka the Cleaver (level 9, -5/68 (69) HPs)
             Began as a Palentonga Abyssal Knight on Aug 20, 2021.
             Was an Elder of Lugonu.
             Engulfed by a steam dragon's steam (12 damage)
             ... on level 7 of the Dungeon.
             The game lasted 00:16:33 (10174 turns).

sanka the Cleaver (Palentonga Abyssal Knight)      Turns: 10174, Time: 00:16:34

HP:   -5/68 (69)    AC: 18    Str: 24    XL:     9   Next: 3%
MP:   15/15         EV:  3    Int: 12    God:    Lugonu [****..]
Gold: 478           SH:  0    Dex: 17    Spells: 8/8 levels left

rFire    . . .     SeeInvis +   a - +0 war axe
rCold    . . .     Faith    +   (no shield)
rNeg     . . .     Spirit   .   C - +0 plate armour
rPois    .         Reflect  .   (no helmet)
rElec    .         Harm     .   B - +0 cloak
rCorr    .         Rampage  .   e - +0 pair of gloves
Will     .....                  n - +3 barding {Stlth+}
Stlth    ..........             d - amulet of faith
HPRegen  0.21/turn              l - +6 ring of strength
MPRegen  0.14/turn              w - +6 ring of dexterity

@: lightly drained
A: large, rugged brown scales 3, see invisible, deformed body, roll 1, armoured
tail, reflexive curl
a: Rolling Charge, Renounce Religion, Depart the Abyss, Bend Space, Banish,
Corrupt


You were on level 7 of the Dungeon.
You worshipped Lugonu.
Lugonu was greatly pleased with you.
You visited 1 branch of the dungeon, and saw 7 of its levels.
You visited the Abyss 1 time.
You also visited: Sewer.

You collected 520 gold pieces.
You spent 42 gold pieces at shops.


Innate Abilities, Weirdness & Mutations

You are completely covered in rugged brown scales. (AC +3, +7% HP)
You have supernaturally acute eyesight. (SInv)
Armour fits poorly on your strangely shaped body.
You can roll at nearby foes to attack.
You have a long armoured tail.
You curl defensively after being hit.


   Skills:
 + Level 4.0 Fighting
 * Level 8.9 Axes
 + Level 2.6 Armour
 - Level 0.7 Dodging
 - Level 8.0 Invocations


You had 8 spell levels left.
You didn't know any spells.
Your spell library contained the following spells:

 Spells                   Type           Power      Damage    Failure   Level
 Foxfire                  Conj/Fire      0%         2x1d4     99%         1
 Conjure Flame            Conj/Fire      0%         6-21      100%        3
 Frozen Ramparts          Ice            0%         1d2       100%        3
 Inner Flame              Hex/Fire       0%         N/A       100%        3
 Ice Form                 Ice/Tmut       0%         N/A       100%        4
 Petrify                  Tmut/Erth      0%         N/A       100%        4
 Summon Ice Beast         Ice/Summ       0%         N/A       100%        4
 Fireball                 Conj/Fire      0%         3d3       100%        5
 Iskenderun's Battlesphe  Conj           0%         2d6       100%        5
 Metabolic Englaciation   Hex/Ice        0%         N/A       100%        5
 Conjure Ball Lightning   Conj/Air       0%         3x3d6     100%        6
 Statue Form              Tmut/Erth      0%         N/A       100%        6
 Orb of Destruction       Conj           0%         N/A       100%        7

Inventory:

Hand Weapons
 a - a +0 war axe (weapon)
Missiles
 y - 5 curare-tipped darts {=f}
Armour
 e - a +0 pair of gloves (worn)
 n - a +3 barding of stealth (worn)
 B - a +0 cloak (worn)
 C - a +0 plate armour (worn)
Jewellery
 d - an amulet of faith (around neck)
 l - a +6 ring of strength (left hand)
 w - a +6 ring of dexterity (right hand)
Scrolls
 f - 2 scrolls of acquirement
 g - a scroll of amnesia
 h - a scroll of summoning {unknown}
 k - a scroll of vulnerability {unknown}
 v - 3 scrolls of identify {unknown}
 A - a scroll of brand weapon {unknown}
Potions
 c - 4 potions of degeneration {unknown}
 i - a potion of heal wounds {unknown}
 m - 2 potions of curing {unknown}
 o - 2 potions of invisibility {unknown}
 p - a potion of brilliance {unknown}
 q - a potion of mutation {unknown}
 r - a potion of magic {unknown}
 s - 3 potions of haste {unknown}
 t - 2 potions of flight {unknown}
 x - a potion of might {unknown}
 z - a potion of attraction {unknown}

Dungeon Overview and Level Annotations

Branches:
Dungeon (7/15)             Temple (0/1) D:5           Sewer (visited)

Altars:
Hepliaklqana
Makhleb
Ru
Trog
Zin

Shops:
D:4 (   D:6 * D:7

* .. ▒▒▒▒▒ ▒........▒ ▒....▒..▒
.... ▒...▒ ▒........▒...▒. ▒..▒
....▒ ▒...▒ ▒........▒▒▒▒▒.▒▒...
.D..▒ ▒...▒ ▒..............▒...▒
....▒▒▒...▒▒▒▒......▒.▒.▒.▒.....▒
....▒........▒......▒.▒..<..▒.▒.▒
....zD.#..▒▒.▒▒▒▒▒▒▒▒.▒▒....▒.▒.▒
.......▒▒▒..)zzD.▒ ▒.▒▒....▒....
...........▒.▒▒▒H▒ ▒.▒▒...▒▒▒▒.▒
...........▒.▒ ▒.▒▒▒▒.▒▒......>..
..▒▒.......▒.▒ ▒....▒..▒..▒▒▒▒▒..
. ▒.......▒.▒▒▒▒▒▒.▒▒.▒.....▒▒▒▒
▒.......▒.▒....▒.▒.....▒..▒
▒....▒▒▒▒.▒.▒▒.▒.▒.[...▒.)▒
▒....▒ ▒.▒.........▒..▒.▒▒ ▒....▒
▒.▒▒▒▒.▒.▒▒▒▒..▒.▒ ▒▒▒▒▒▒
▒......▒.▒ ▒..▒.▒


You could see a steam dragon and 2 wights.


Message History

A steam dragon is nearby!
The steam dragon bites you but does no damage.
The steam dragon barely misses you.
You closely miss the steam dragon. The steam dragon breathes steam at you.
The ball of steam hits you.
You hit the steam dragon.
The steam dragon is lightly wounded.
You are engulfed in a cloud of scalding steam.
The steam dragon bites you but does no damage.
The steam dragon claws you.
You slash the steam dragon!
The steam dragon is moderately wounded.
You are engulfed in a cloud of scalding steam.
The steam dragon breathes steam at you. The ball of steam hits you!!
* * * LOW HITPOINT WARNING * * *
Unknown command.
You slash the steam dragon!
The steam dragon is heavily wounded.
You are engulfed in a cloud of scalding steam.
* * * LOW HITPOINT WARNING * * *
The steam dragon bites you but does no damage.
The steam dragon claws you.
* * * LOW HITPOINT WARNING * * *
Unknown command.
Your plate armour prevents you from hitting the steam dragon.
The steam dragon is heavily wounded.
You are engulfed in a cloud of scalding steam.
You die...

Action                   |  1- 3 |  4- 6 |  7- 9 || total
-------------------------+-------+-------+-------++-------
Melee: Hand axe          |   105 |   216 |   214 ||   535
       Tailslap          |     7 |    23 |    43 ||    73
       War axe           |       |       |    19 ||    19
 Abil: Rolling Charge    |     3 |     5 |    15 ||    23
  Use: Scroll            |       |     6 |       ||     6
Armor: Leather armour    |    15 |       |       ||    15
       Ring mail         |    25 |   120 |       ||   145
       Chain mail        |       |       |   176 ||   176
       Plate armour      |       |       |     6 ||     6
Dodge: Dodged            |    41 |    78 |    34 ||   153

Levels and vault maps discovered:
D:1:      shiori_arrival_elements, layout_basic,
          dreamdust_ecumenical_altar_hidden_monk_grotto
D:2:      layout_loops_ring
D:3:      layout_basic, chequers_temple_overflow_statue_of_worship,
          gup_sewer_entry_bowl, minmay_gold_behind_fungi
D:4:      layout_loops_ring, serial_shops, shop
D:5:      layout_layer_cave, minmay_temple_entry_gardened_gates
D:6:      layout_rooms, nicolae_ru_awakened_eye, jmf_multi_god_temple,
          guppyfry_shop_venom, uniq_crazy_yiuf_cottage
D:7:      layout_basic, serial_shops, shop

Notes
Turn   | Place    | Note
-------+----------+-------------------------------------------
     0 | Abyss:1  | sanka the Palentonga Abyssal Knight began the quest for the
                  | Orb.
     0 | Abyss:1  | Reached XP level 1. HP: 19/19 MP: 2/2
   109 | D:1      | Escaped the Abyss
   185 | D:1      | Reached XP level 2. HP: 8/25 MP: 3/3
   566 | D:1      | Reached skill level 3 in Axes
  1391 | D:1      | Found a faded altar of an unknown god.
  1675 | D:2      | Reached skill level 4 in Axes
  1675 | D:2      | Reached XP level 3. HP: 8/31 MP: 4/4
  1932 | D:2      | Reached ** piety under Lugonu
  2283 | D:2      | Reached XP level 4. HP: 37/37 MP: 5/5
  2701 | D:2      | Reached skill level 5 in Axes
  3102 | D:3      | Reached XP level 5. HP: 36/43 MP: 6/6
  3187 | D:3      | Found a glowing drain.
  3191 | Sewer    | Entered a sewer
  3417 | Sewer    | Identified 2 scrolls of acquirement
  3417 | Sewer    | Acquired a +1 barding of stealth
  3561 | Sewer    | Noticed Purgy
  3578 | Sewer    | Killed Purgy
  3579 | Sewer    | Reached skill level 6 in Axes
  3727 | D:3      | Reached *** piety under Lugonu
  4199 | D:3      | Found a glowing silver altar of Zin.
  4201 | D:3      | Found a bloodstained altar of Trog.
  4326 | D:4      | Reached XP level 6. HP: 50/50 MP: 7/7
  4698 | D:4      | Reached skill level 3 in Invocations
  4937 | D:4      | Reached skill level 7 in Axes
  4943 | D:4      | Gained mutation: You curl defensively after being hit.
                  | [Palentonga growth]
  4943 | D:4      | Reached XP level 7. HP: 13/55 MP: 9/9
  5327 | D:4      | Found Dew Vusm's Weapon Shoppe.
  5508 | D:5      | Entered Level 5 of the Dungeon
  5530 | D:5      | Reached skill level 4 in Invocations
  5895 | D:5      | Reached **** piety under Lugonu
  6102 | D:5      | Found a staircase to the Ecumenical Temple.
  6188 | D:4      | Reached skill level 5 in Invocations
  6791 | D:5      | Reached skill level 8 in Axes
  7168 | D:5      | Reached XP level 8. HP: 59/62 MP: 12/12
  7347 | D:5      | Reached skill level 6 in Invocations
  7661 | D:6      | Found Vappy's Serpentskin Sales.
  7686 | D:5      | Reached skill level 7 in Invocations
  7874 | D:6      | Bought 5 curare-tipped darts for 42 gold pieces
  8114 | D:6      | Reached skill level 8 in Invocations
  8337 | D:6      | Found a runed translucent door.
  8338 | D:6      | Noticed Crazy Yiuf
  8456 | D:6      | Found a hazy altar of Hepliaklqana.
  8457 | D:6      | Found a burning altar of Makhleb.
  8466 | D:6      | Reached skill level 2 in Armour
  8800 | D:6      | Found a sacrificial altar of Ru.
  9648 | D:6      | Killed Crazy Yiuf
  9879 | D:7      | Reached XP level 9. HP: 56/69 MP: 15/15
 10012 | D:7      | Found Piekaeto's General Store.
 10130 | D:7      | Reached skill level 4 in Fighting
 10174 | D:7      | Engulfed by a steam dragon's steam

Vanquished Creatures
  A water moccasin (D:5)
  Purgy (Sewer)
  2 black bears (D:6)
  2 hornet zombies
  2 ogres (D:5)
  A necrophage (D:4)
  A centaur (D:7)
  A phantom (D:4)
  3 scorpions
  5 wights
  2 centaur zombies (D:5)
  2 centaur skeletons
  Crazy Yiuf (D:6)
  4 hounds
  A jelly (D:6)
  An iguana (D:5)
  2 orc wizards (D:6)
  3 hound skeletons
  4 gnolls (D:5)
  9 adders
  2 white imps (D:6)
  An ufetubus (D:4)
  An adder skeleton (D:5)
  A worm (D:2)
  3 dart slugs
  17 orcs
  6 endoplasms
  6 giant cockroaches
  8 goblins
  7 hobgoblins
  9 jackals
  4 quokkas
  8 ball pythons
  5 bats
  7 frilled lizards
  A jackal skeleton (D:4)
  8 kobolds
  8 rats
150 creatures vanquished.

Vanquished Creatures (others)
  4 toadstools (D:3)
4 creatures vanquished.

Grand Total: 154 creatures vanquished
